 Dungeon Crawl Stone Soup version 0.32-a0-422-g28b100f618 (webtiles) character file.

Game seed: 13109138348048214158

6058 cforsyth the Carver (level 10, 0/84 HPs)
             Began as a Coglin Gladiator on Feb 22, 2024.
             Was a Follower of Wu Jian.
             Killed from afar by an electric eel (11 damage)
             ... with a bolt of electricity
             ... on level 9 of the Dungeon.
             The game lasted 00:14:34 (8264 turns).

cforsyth the Carver (Coglin Gladiator)              Turns: 8264, Time: 00:14:35

Health: 0/84       AC: 15    Str: 15    XL:     10   Next: 87%
Magic:  10/10      EV:  9    Int:  8    God:    Wu Jian [*.....]
Gold:   518        SH:  0    Dex: 23    Spells: 9/9 levels left

rFire   + + .        a - +4 scimitar {Yongsun}
rCold   . . .        D - +5 dagger (freeze) {Ajinder}
rNeg    . . .        E - +0 chain mail
rPois   .            c - +0 helmet
rElec   .            L - +0 cloak
rCorr   .            s - +0 pair of gloves
SInv    .            (no boots)
Will    .....        B - amulet of regeneration Stlth
                     F - ring of protection from fire
HPRegen 1.14/turn    K - ring "Ysibai" {rF+ Dex+4}
MPRegen 0.12/turn

%: no passive effects
@: revving
A: off-hand wielding, slow wielding, warmup strikes, legs shutdown
a: Renounce Religion


You were on level 9 of the Dungeon.
You worshipped Wu Jian.
Wu Jian was aware of your devotion.
You visited 2 branches of the dungeon, and saw 10 of its levels.
You also visited: Sewer.

You collected 518 gold pieces.


Innate Abilities, Weirdness & Mutations

You can wield a second weapon in your off-hand.
It takes a long time for you to wield or remove held weapons.
Your first few attacks do less damage.
Attacking and casting redirects power from your legs.


   Skills:
 + Level 9.6 Fighting
 + Level 9.8 Long Blades
 - Level 1.7 Throwing
 + Level 8.4 Armour
 - Level 2.6 Dodging


You had 9 spell levels left.
You didn't know any spells.
Your spell library contained the following spells:

 Spells                   Type           Power      Damage    Failure   Level
 Freeze                   Ice            0%         1d3       99%         1
 Mercury Vapours          Alch/Air       0%         N/A       100%        2
 Frozen Ramparts          Ice            0%         1d1       100%        3
 Hailstorm                Conj/Ice       0%         3d5       100%        3
 Mephitic Cloud           Conj/Alch/Air  0%         N/A       100%        3
 Freezing Cloud           Conj/Ice/Air   0%         6-21      100%        5

Inventory:

Hand Weapons
 a - a +4 scimitar (weapon) {Yongsun}
 D - a +5 dagger of freezing (offhand) {Ajinder}
Missiles
 d - 4 throwing nets (quivered) {=f}
 e - a javelin
Armour
 c - a +0 helmet (worn)
 s - a +0 pair of gloves (worn)
 E - a +0 chain mail (worn)
 L - a +0 cloak (worn)
 N - a +1 helmet
Jewellery
 B - an amulet of regeneration (around neck)
 C - a ring of ice
 F - a ring of protection from fire (left grasper)
 K - the ring "Ysibai" (right grasper) {rF+ Dex+4}
   (You found it on level 6 of the Dungeon)

   [ring of protection from fire]

   Dex+4:     It affects your dexterity (+4).
   rF+:       It protects you from fire.
 M - a ring of magical power
Wands
 t - a wand of polymorph (1)
 I - a wand of charming (7)
 P - a wand of iceblast (6)
Scrolls
 l - 4 scrolls of revelation
 m - a scroll of noise
 n - 2 scrolls of enchant weapon {unknown}
 o - 5 scrolls of teleportation {@r2}
 p - a scroll of fear {unknown}
 r - a scroll of blinking
 u - 2 scrolls of butterflies {unknown}
 w - 2 scrolls of immolation {unknown}
 x - 2 scrolls of brand weapon {unknown}
 y - 4 scrolls of fog
 A - 2 scrolls of amnesia {unknown}
 G - a scroll of poison {unknown}
 H - 2 scrolls of torment {unknown}
 J - 4 scrolls of enchant armour {unknown}
Potions
 f - a potion of berserk rage {unknown}
 g - 3 potions of heal wounds {@q2}
 h - a potion of might
 i - a potion of lignification
 j - 3 potions of attraction
 k - 3 potions of curing {@q1}
 q - a potion of ambrosia
 v - 2 potions of enlightenment
 z - 2 potions of invisibility
 Q - a potion of mutation {unknown}

Dungeon Overview and Level Annotations

Branches:
Dungeon (9/15)             Temple (1/1) D:5           Sewer (visited)
   Lair: D:8-11         Orc: D:9-12

Altars:
Ashenzari
Cheibriados
Dithmenos
Elyvilon
Fedhas
Gozag
Hepliaklqana
Kikubaaqudgha
Makhleb
Nemelex Xobeh
Okawaru
Qazlal
Ru
Sif Muna
Trog
Uskayaw
Vehumet
Wu Jian
Xom
Yredelemnul
Zin
The Shining One

Portals:
Abyss: D:6

Annotations:
D:6 2 transporters, Ceno's ghost, novice CoWr

........#..# #.....~~~~.
........##÷###...~~.~≈≈~.
........##.÷##.....~~S≈.≈
........###..#....~.S≈~≈≈
..[.......##.......~~~≈≈≈
#####.###.####.#..h..S~≈≈
####'#.###
#..[....#......##...#
##.......#▒##...# ...#
..........+⚑#...# ...#
'........#▒##...# ...#
#........#......# ...#
#........#.....## ...#
#........#.....# ...#
#........#...###


You could see a wolf, a hound (distracted), 2 electric eels and a friendly
electric eel (charmed).


Message History

Unknown command.
You barely miss the wolf with your +4 scimitar.
You hit the wolf with your +5 dagger of freezing.
You freeze the wolf. The wolf bites you.
Unknown command.
Unknown command.
Unknown command.
You hit the wolf but do no damage.
The wolf is lightly wounded.
You hit the wolf but do no damage. The wolf bites you but does no damage.
The electric eel shoots out a bolt of lightning at you!
The bolt of electricity hits you! x2
* * * LOW HITPOINT WARNING * * *
The electric eel shoots out a bolt of lightning at you!
The bolt of electricity hits you.
* * * LOW HITPOINT WARNING * * *
The bolt of electricity hits you!
* * * LOW HITPOINT WARNING * * *
You hear a splash.
The wolf closely misses you.
You cannot move.
Unknown command.
You are no longer unable to travel.
The wolf bites you.
* * * LOW HITPOINT WARNING * * *
The electric eel shoots out a bolt of lightning at you!
The bolt of electricity hits the hound!
The bolt of electricity hits you!
* * * LOW HITPOINT WARNING * * *
The bolt of electricity hits you!
You die...

Skill      XL: |  1  2  3  4  5  6  7  8  9 10 |
---------------+-------------------------------+-----
Armour         | 1 2 3 4 5 7 8 |  8.4
Fighting       | 3 4 5 6 8 9 |  9.6
Long Blades    | 4 5 7 8 9 |  9.8
Throwing       | |  1.7
Dodging        | |  2.6

Action                     |  1- 3 |  4- 6 |  7- 9 | 10-12 || total
---------------------------+-------+-------+-------+-------++-------
  Melee: Long sword        |    50 |   153 |   291 |    11 ||   505
         Dagger            |    47 |   146 |   261 |   113 ||   567
         Scimitar          |       |       |       |   107 ||   107
Ability: Lunge             |       |       |       |     6 ||     6
  Evoke: Wand              |       |       |       |     2 ||     2
    Use: Scroll            |       |     3 |     5 |     8 ||    16
   Stab: Sleeping          |     2 |     1 |       |       ||     3
 Armour: Leather armour    |    23 |    69 |       |       ||    92
         Chain mail        |       |     9 |   322 |   104 ||   435
  Dodge: Dodged            |    31 |    73 |   146 |    50 ||   300

Levels and vault maps discovered:
D:1:      matt_arrival_spirals, layout_loops_ring
D:2:      layout_loops_ring
D:3:      layout_loops_corners, mainiacjoe_overflow_catwalk,
          portal_sewer_entry_b
D:4:      layout_rooms, nicolae_overflow_hidden_temple, chequers_jeans,
          st_stairs_8, nrook_loot_triangle
D:5:      layout_basic, minmay_temple_entry_poolview, uniq_sigmund
D:6:      layout_layer_cave, gammafunk_ghost_abyssal_escape
D:7:      layout_basic
D:8:      layout_rooms, nicolae_overflow_two_pavilions
D:9:      layout_basic, ashenzari_conservatory_becter, erik_lair_island,
          minivault_11
Temple:   nicolae_temple_elliptical

Notes
Turn   | Place    | Note
-------+----------+-------------------------------------------
     0 | D:1      | cforsyth the Coglin Gladiator began the quest for the Orb.
     0 | D:1      | Reached XP level 1. HP: 16/16 MP: 1/1
   155 | D:1      | Reached XP level 2. HP: 22/22 MP: 2/2
   225 | D:1      | Reached skill level 1 in Armour
   274 | D:1      | Reached XP level 3. HP: 28/28 MP: 3/3
  1176 | D:2      | Reached XP level 4. HP: 34/34 MP: 4/4
  1238 | D:2      | Reached skill level 3 in Fighting
  1636 | D:3      | Found a glowing drain.
  1646 | D:3      | Reached skill level 2 in Armour
  1657 | Sewer    | Entered a sewer
  1690 | Sewer    | Reached skill level 4 in Long Blades
  1690 | Sewer    | Reached XP level 5. HP: 39/41 MP: 5/5
  2041 | Sewer    | Noticed a kobold brigand
  2067 | Sewer    | Killed a kobold brigand
  2068 | Sewer    | Reached skill level 4 in Fighting
  2068 | Sewer    | Reached XP level 6. HP: 36/48 MP: 6/6
  2352 | D:3      | Reached skill level 3 in Armour
  2446 | D:3      | Found a shimmering altar of Xom.
  3309 | D:4      | Reached XP level 7. HP: 55/55 MP: 7/7
  3339 | D:4      | Reached skill level 5 in Long Blades
  3409 | D:4      | Found an ancient bone altar of Kikubaaqudgha.
  3412 | D:4      | Found a glowing silver altar of Zin.
  3751 | D:5      | Entered Level 5 of the Dungeon
  3776 | D:5      | Reached skill level 5 in Fighting
  3780 | D:5      | Reached skill level 4 in Armour
  3832 | D:5      | Noticed Sigmund
  3841 | D:5      | Killed Sigmund
  3850 | D:4      | Reached XP level 8. HP: 53/63 MP: 8/8
  4005 | D:4      | Reached skill level 6 in Long Blades
  4104 | D:5      | Found a staircase to the Ecumenical Temple.
  4270 | D:5      | Reached skill level 6 in Fighting
  4270 | D:5      | Reached skill level 5 in Armour
  4707 | D:6      | Noticed a toenail golem
  4708 | D:6      | Found a transporter.
  4720 | D:6      | Found a transporter.
  4722 | D:6      | Found a one-way gate to the infinite horrors of the Abyss.
  4722 | D:6      | Noticed Ceno's ghost (novice CoWr)
  4771 | D:6      | Identified the ring "Ysibai" {rF+ Dex+4}
  4805 | D:6      | Noticed a small abomination
  4806 | D:6      | Noticed an ancient zyme
  5151 | D:5      | Reached skill level 7 in Long Blades
  5173 | D:5      | Reached XP level 9. HP: 59/71 MP: 9/9
  5265 | D:6      | Reached skill level 7 in Fighting
  5359 | D:6      | Reached skill level 6 in Armour
  6131 | D:7      | Noticed a kobold demonologist
  6146 | D:7      | Killed a kobold demonologist
  6147 | D:7      | Reached skill level 8 in Long Blades
  6161 | D:7      | Reached skill level 8 in Fighting
  6167 | D:7      | Noticed a kobold demonologist
  6178 | D:7      | Killed a kobold demonologist
  6179 | D:7      | Reached skill level 7 in Armour
  6236 | D:7      | Identified the +2 spear of Apnyhom {freeze, rF+ Int+3}
  6338 | D:7      | Reached XP level 10. HP: 81/81 MP: 10/10
  6924 | D:8      | Found a stormy altar of Qazlal.
  6924 | D:8      | Found a hazy altar of Hepliaklqana.
  7312 | Temple   | Entered the Ecumenical Temple
  7335 | Temple   | Became a worshipper of the Wu Jian Council
  7503 | D:9      | Reached skill level 9 in Long Blades
  7581 | D:9      | Reached skill level 9 in Fighting
  7647 | D:9      | Found a broken altar of Ashenzari.
  7782 | D:9      | Reached * piety under Wu Jian
  7783 | D:9      | Reached skill level 8 in Armour
  8264 | D:9      | Killed from afar by an electric eel

Vanquished Creatures
  2 kobold demonologists (D:7)
  6 slime creatures
  Sigmund (D:5)
  A wyvern (D:7)
  A water moccasin (D:8)
  2 acid dragons (D:9)
  2 black bears
  An orc warrior (D:9)
  2 ice beasts
  2 ogres
  A wolf (D:9)
  7 kobold brigands
  5 bullfrogs
  A scorpion (D:7)
  2 gnoll sergeants
  12 wights
  5 killer bees (D:9)
  An electric eel (D:9)
  A howler monkey (D:7)
  A jelly (D:6)
  4 bombardier beetles
  A gnoll bouda (D:5)
  6 orc priests
  3 hounds
  2 sleepcaps
  4 iguanas
  22 gnolls
  18 adders
  2 white imps
  A dart slug (D:4)
  5 ribbon worms
  23 orcs
  9 ball pythons
  7 endoplasms
  5 giant cockroaches
  9 goblins
  6 hobgoblins
  26 kobolds
  3 quokkas
  5 bats
  2 frilled lizards (D:1)
  11 rats
230 creatures vanquished.

Vanquished Creatures (collateral kills)
  An orc (D:9)
1 creature vanquished.

Grand Total: 231 creatures vanquished

Table legend: (Time is in decaauts)
 A = Elapsed time spent in this place.
 B = Non-inter-level travel time spent in this place.
 C = Inter-level travel time spent in this place.
 D = Time resting spent in this place.
 E = Time spent auto-exploring this place.
 F = Levels seen in this place.
 G = Mean time per level.
                   A        B        C        D        E       F      G
               +--------+--------+--------+--------+--------+-----+--------+
         Total |   8327 |   7840 |    487 |    657 |   5365 |  11 |  757.0 |
       Dungeon |   7683 |   7242 |    441 |    653 |   4953 |   9 |  853.7 |
        Temple |     46 |      1 |     45 |      0 |      0 |   1 |   46.0 |
         Sewer |    597 |    597 |      0 |      4 |    412 |   1 |  597.0 |
               +--------+--------+--------+--------+--------+-----+--------+

Top non-repeatable levels by time:
     D:5: 1243 daAuts
     D:3: 1014 daAuts
     D:6: 929 daAuts
     D:1: 915 daAuts
     D:7: 821 daAuts
     D:9: 713 daAuts
     D:2: 708 daAuts
     D:8: 686 daAuts
     D:4: 649 daAuts
   Sewer: 597 daAuts
  Temple: 46 daAuts

Table legend:
 A = Non-vault XP
 B = Vault XP
 C = Vault XP percentage of total XP
 D = Non-vault monster count
 E = Vault monster count
 F = Vault count percentage of total count
                 A         B        C        D         E       F
            +---------+---------+-------+---------+---------+-------
      Total |    7877 |     778 |   9.0 |     203 |      28 |  12.1
            +---------+---------+-------+---------+---------+-------
        D:1 |      66 |       0 |   0.0 |      25 |       0 |   0.0
        D:2 |      58 |       0 |   0.0 |      14 |       0 |   0.0
        D:3 |     118 |       6 |   4.8 |      16 |       3 |  15.8
        D:4 |     369 |     122 |  24.8 |      18 |       1 |   5.3
        D:5 |    1043 |     227 |  17.9 |      42 |       1 |   2.3
        D:6 |     889 |       0 |   0.0 |      27 |       0 |   0.0
        D:7 |    1689 |       0 |   0.0 |      18 |       0 |   0.0
        D:8 |    1188 |       0 |   0.0 |      15 |       0 |   0.0
        D:9 |    2457 |     202 |   7.6 |      28 |       3 |   9.7
      Sewer |       0 |     221 | 100.0 |       0 |      20 | 100.0
            +---------+---------+-------+---------+---------+-------
